 Dungeon Crawl Stone Soup version 0.31-a0-177-g4aa6249778 (webtiles) character file.

Game seed: 14579247165806885029

23 Moral the Shooter (level 2, -1/20 HPs)
             Began as an Octopode Hunter on June 19, 2023.
             Succumbed to an adder's poison
             ... on level 2 of the Dungeon.
             The game lasted 00:01:56 (922 turns).

Moral the Shooter (Octopode Hunter)                  Turns: 922, Time: 00:01:57

Health: -1/20      AC:  1    Str: 15 (16) XL:     2   Next: 95%
Magic:  2/2        EV: 13    Int:  8 (11) God:
Gold:   32         SH:  0    Dex: 13 (15) Spells: 1/1 levels left

rFire   . . .        a - +0 shortbow
rCold   . . .        (shield currently unavailable)
rNeg    . . .        (helmet restricted)
rPois   .            (no amulet)
rElec   .            f - +6 ring of strength
rCorr   .            (no ring)
SInv    .            (no ring)
Will    .....        (no ring)
Stlth   +++          (no ring)
HPRegen 0.23/turn    (no ring)
MPRegen 0.08/turn    (no ring)
                     (no ring)

%: no passive effects
@: lethally poisoned (-1 -> -9)
A: almost no armour, amphibious, 8 rings, camouflage 1, gelatinous body 1,
(nimble swimmer 1), tentacles
a: no special abilities


You were on level 2 of the Dungeon.
You visited 1 branch of the dungeon, and saw 2 of its levels.

You collected 32 gold pieces.

Inventory:

Hand Weapons
 a - a +0 shortbow (weapon)
Jewellery
 f - a +6 ring of strength (left tentacle)
Scrolls
 c - 4 scrolls of identify {unknown}
 d - a scroll of poison {unknown}
 e - a scroll of fog {unknown}
 h - a scroll of brand weapon {unknown}
 i - a scroll of enchant armour {unknown}


   Skills:
 * Level 2.5 Fighting
 + Level 4.1 Ranged Weapons
 + Level 2.2 Dodging
 * Level 2.6 Stealth


You had one spell level left.
You didn't know any spells.
Your spell library was empty.

Dungeon Overview and Level Annotations

Branches:
Dungeon (2/15)

Altars:


Innate Abilities, Weirdness & Mutations

You cannot wear most types of armour.
You are amphibious.
You can wear up to eight rings at the same time.
Your skin changes colour to match your surroundings (Stealth+).
Your rubbery body absorbs attacks. (AC +1, EV +1)
((You are camouflaged when in or above water. (Stealth+)))
You have tentacles for arms and can constrict up to eight enemies at once.


Message History

i - a scroll labelled YJILOSTRUIH An adder is nearby!
You shoot an arrow. The arrow closely misses the adder.
An adder comes into view.
You shoot an arrow. The arrow hits the adder.
The adder is heavily wounded.
The adder bites you.
You shoot an arrow. The arrow hits the adder.
The adder is almost dead.
The adder barely misses you. The adder bites you.
You shoot an arrow. The arrow completely misses the adder.
The adder misses you. The adder closely misses you.
You shoot an arrow. The arrow hits the adder.
The adder is almost dead.
The adder misses you. The adder completely misses you.
The adder closely misses you. The adder bites you.
You shoot an arrow. The arrow misses the adder.
The adder bites you. The adder barely misses you.
You shoot an arrow. The arrow barely misses the adder.
The adder bites you.
You are poisoned.
The adder poisons you! The adder bites you.
You are lethally poisoned!
The adder poisons you! The adder barely misses you. The adder bites you.
You are too injured to fight recklessly!
As you read the scroll of butterflies, it crumbles to dust.
You hear the flapping of tiny wings.
The adder is knocked back by the sudden gust. x2
* * * LOW HITPOINT WARNING * * *
You feel very sick.
You swap places.
* * * LOW HITPOINT WARNING * * *
You feel sick. The adder bites your butterfly.
Your butterfly dies!
Your butterfly disappears in a burst of colours!
The adder barely misses your butterfly. x2
The adder closely misses your butterfly.
It was a potion of degeneration.
There was something very wrong with that liquid.
You feel weakened.
You feel dopey.
You feel clumsy.
You die... .#. ## .. #b .. #####.####b # #...bbbSbb .. #...bbbbb###... #...b.bbSbb.b.. #.bbb.bbbbb#

#.b.bbb@b###
.b.bbbbbb######
..b.bbbbbb.....
...b.....#########
.............#....
............†..###
.......#..<......#
..######.........#
.# #......##..


You could see 2 adders.

Vanquished Creatures
  A bat (D:1)
  An endoplasm (D:1)
  3 giant cockroaches (D:1)
  A goblin (D:1)
  5 hobgoblins
  A quokka (D:1)
  A ball python (D:1)
  2 frilled lizards (D:1)
  2 kobolds (D:1)
  4 rats
21 creatures vanquished.

Notes
Turn   | Place    | Note
-------+----------+-------------------------------------------
     0 | D:1      | Moral the Octopode Hunter began the quest for the Orb.
     0 | D:1      | Reached XP level 1. HP: 14/14 MP: 1/1
   175 | D:1      | Reached XP level 2. HP: 19/19 MP: 2/2
   921 | D:2      | HP: 1/20 [poisoned by an adder]
   922 | D:2      | Succumbed to an adder's poison

Illustrated notes

Levels and vault maps discovered:
D:1:      dpeg_arrival_arbitrary_a, layout_basic, minmay_misc_feat_cross
D:2:      layout_rooms, uniq_terence

Skill      XL: |  1 |
---------------+----+-----
Stealth        | 2 |  2.6
Fighting       | |  2.5
Ranged Weapons | |  4.1
Dodging        | |  2.2

Action                     || total
---------------------------++-------
   Fire: Shortbow          ||    60
    Use: Scroll            ||     1
         Potion            ||     1
  Dodge: Dodged            ||    18

Table legend: (Time is in decaauts)
 A = Elapsed time spent in this place.
 B = Non-inter-level travel time spent in this place.
 C = Inter-level travel time spent in this place.
 D = Time resting spent in this place.
 E = Time spent auto-exploring this place.
 F = Levels seen in this place.
 G = Mean time per level.
                   A        B        C        D        E       F      G
               +--------+--------+--------+--------+--------+-----+--------+
         Total |    933 |    893 |     40 |      0 |    778 |   2 |  466.5 |
       Dungeon |    933 |    893 |     40 |      0 |    778 |   2 |  466.5 |
               +--------+--------+--------+--------+--------+-----+--------+

Top non-repeatable levels by time:
     D:1: 910 daAuts
     D:2: 22 daAuts
